 Dungeon Crawl Stone Soup version 0.27.0-1-g7a089689b8 (webtiles) character file.

Game seed: 3881909669021407586

23 GreyFruit the Firebug (level 2, -1/20 HPs)
             Began as a Demigod Fire Elementalist on Aug 9, 2021.
             Slain by Natasha (7 damage)
             ... on level 2 of the Dungeon.
             The game lasted 00:02:57 (1254 turns).

GreyFruit the Firebug (Demigod Fire Elementalist)   Turns: 1254, Time: 00:02:58

Health: -1/20      AC:  2    Str:  9    XL:     2   Next: 57%
Magic:  4/7        EV: 12    Int: 17    God:
Gold:   0          SH:  0    Dex: 14    Spells: 3/4 levels left

rFire    . . .     SeeInvis .   d - +0 dagger
rCold    . . .     Faith    .   (no shield)
rNeg     . . .     Spirit   .   a - +0 robe
rPois    .         Reflect  .   (no helmet)
rElec    .         Harm     .   (no cloak)
rCorr    .         Rampage  .   (no gloves)
Will     .....                  (no boots)
Stlth    ++........             (no amulet)
HPRegen  0.06/turn              (no ring)
MPRegen  0.10/turn              (no ring)

@: mighty
A: high mp 1, forlorn
a: no special abilities


You were on level 2 of the Dungeon.
You visited 1 branch of the dungeon, and saw 2 of its levels.

Inventory:

Hand Weapons
 d - a +0 dagger (weapon)
Missiles
 c - 18 stones
Armour
 a - a +0 robe (worn)
Jewellery
 b - a ring of wizardry
 g - a +4 ring of evasion
 h - a ring of poison resistance
Scrolls
 e - 2 scrolls of identify {unknown}
 j - a scroll of teleportation {unknown}
Potions
 i - 2 potions of heal wounds


   Skills:
 + Level 2.0 Dodging
 + Level 1.8 Stealth
 + Level 1.9 Spellcasting
 + Level 1.2 Conjurations
 + Level 3.2 Fire Magic


You had 3 spell levels left.
You knew the following spells:

 Your Spells              Type           Power      Damage    Failure   Level
a - Foxfire               Conj/Fire      36%        2x1d5     8%          1

Your spell library contained the following spells:

 Spells                   Type           Power      Damage    Failure   Level
 Conjure Flame            Conj/Fire      9%         6-21      22%         3
 Inner Flame              Hex/Fire       7%         N/A       30%         3
 Frozen Ramparts          Ice            2%         1d2       52%         3
 Sticky Flame             Conj/Fire      9%         2d3       58%         4
 Ice Form                 Ice/Tmut       1%         N/A       89%         4
 Summon Ice Beast         Ice/Summ       1%         N/A       89%         4
 Fireball                 Conj/Fire      4%         3d4       91%         5


Dungeon Overview and Level Annotations

Branches:
Dungeon (2/15)

Annotations:
D:2 Natasha


Innate Abilities, Weirdness & Mutations

Your attributes grow dramatically as you level up.
You have an increased reservoir of magic. (+10% MP)
You shall have no god before yourself.


Message History

Your foxfire dissipates!
The foxfire hits Natasha.
Natasha is lightly wounded.
Natasha wildly gestures.
You feel disoriented.
Natasha stares at you and mumbles some strange words.
You resist with significant effort.
Casting: Foxfire (safe; 8% risk of failure)
Press: ? - help, Q - select action, (/) - cycle Dir - look around, f - activate You conjure some foxfire!
The foxfire hits Natasha.
Natasha is moderately wounded.
Your foxfire dissipates!
Sorry, you're not good enough to have a special ability.
It was a potion of might.
You feel very mighty all of a sudden.
You closely miss Natasha.
Natasha is moderately wounded.
Natasha closely misses you.
You barely miss Natasha.
Natasha is moderately wounded.
Natasha mumbles some strange words.
You hit Natasha.
Natasha is severely wounded.
Natasha claws you.
You barely miss Natasha.
Natasha is severely wounded.
Natasha drinks a potion.
Natasha is healed!
You hit Natasha.
Natasha is lightly wounded.
Natasha claws you but does no damage.
You completely miss Natasha.
Natasha is lightly wounded.
Natasha casts a spell at you. The magic dart hits you.
* * * LOW HITPOINT WARNING * * *
You closely miss Natasha.
Natasha is lightly wounded.
Natasha claws you!
You die...

#.# #.# #.#
#.# #.# #.#
#+# #5# #.#
#h# #.#
#@#####.#
#.#.....###
#.#.......#
#.#.......#
#.#...._..#
#.)...
#.'.......#
#.....
###.......#
#.....
#......##
#.....
#.....##
#....^


You could see an iron imp (summoned) and Natasha.

Vanquished Creatures
  A dart slug (D:2)
  4 ball pythons
  An endoplasm (D:1)
  A giant cockroach (D:1)
  3 goblins (D:1)
  4 hobgoblins
  2 kobolds (D:1)
  3 rats
19 creatures vanquished.

Vanquished Creatures (others)
  48 foxfires
48 creatures vanquished.

Grand Total: 67 creatures vanquished

Notes
Turn   | Place    | Note
-------+----------+-------------------------------------------
     0 | D:1      | GreyFruit the Demigod Fire Elementalist began the quest for
                  | the Orb.
     0 | D:1      | Reached XP level 1. HP: 14/14 MP: 5/5
   191 | D:1      | Reached skill level 1 in Conjurations
   197 | D:1      | Reached skill level 3 in Fire Magic
   459 | D:1      | Reached XP level 2. HP: 20/20 MP: 4/7
  1230 | D:2      | Noticed Natasha
  1254 | D:2      | Slain by Natasha

Illustrated notes

Levels and vault maps discovered:
D:1:      wander_arrival_abandoned_jail, layout_basic, minmay_pentomino_p2
D:2:      kennysheep_six_static_rooms, layout_basic, basic_altar, uniq_natasha,
          uniq_crazy_yiuf_cottage

Skill      XL: |  1  2 |
---------------+-------+-----
Conjurations   | 1 |  1.2
Fire Magic     | 3 |  3.2
Dodging        | 2 |  2.0
Stealth        | |  1.8
Spellcasting   | |  1.9

Action                   || total
-------------------------++-------
Melee: Dagger            ||    33
 Cast: Foxfire           ||    38
  Use: Potion            ||     1
Armor: Robe              ||     3
Dodge: Dodged            ||    20
